 Dungeon Crawl Stone Soup version 0.28-a0-1629-gf728b707aa (webtiles) character file.

Game seed: 15131198399687768678

1363 issech the Cudgeller (level 8, 0/77 (79) HPs)
             Began as a Troll Monk on Jan 24, 2022.
             Slain by Blork the orc (7 damage)
             ... on level 6 of the Dungeon.
             The game lasted 00:18:06 (4674 turns).

issech the Cudgeller (Troll Monk)                   Turns: 4674, Time: 00:18:07

HP:   0/77 (79)     AC:  4    Str: 20    XL:     8   Next: 38%
MP:   0/7           EV: 11    Int:  6    God:
Gold: 253           SH:  0    Dex: 14    Spells: 7/7 levels left

rFire   . . .      SeeInvis +   x - +2 trident (venom)
rCold   . . .      Faith    .   (no shield)
rNeg    . . .      Spirit   +   b - +0 robe
rPois   .          Reflect  .   (helmet restricted)
rElec   .          Harm     .   (no cloak)
rCorr   .          Rampage  .   (gloves unavailable)
Will    .....                   (boots unavailable)
Stlth   ++........              q - amulet of guardian spirit
HPRegen 1.02/turn               c - ring of see invisible
MPRegen 0.10/turn               t - +4 ring of slaying

@: lightly drained
A: large, unfitting armour, claws 3, regeneration 1, shaggy fur 1, tough skin 1
a: no special abilities


You were on level 6 of the Dungeon.
You visited 1 branch of the dungeon, and saw 6 of its levels.

You collected 253 gold pieces.

Inventory:

Hand Weapons
 a - a +0 mace
 u - a +0 rapier
 x - a +2 trident of venom (weapon)
 y - a +0 giant spiked club
 B - a +0 halberd
 D - a +0 hunting sling
 H - a +3 dagger of speed
 I - a +2 trident of freezing
Missiles
 e - 21 sling bullets
 f - 50 arrows
 i - 154 stones (quivered)
 w - 65 bolts
 C - 2 poisoned darts
Armour
 b - a +0 robe (worn)
 v - a +3 leather armour of fire resistance
Jewellery
 c - a ring of see invisible (left claw)
 q - an amulet of guardian spirit (around neck)
 t - a +4 ring of slaying (right claw)
Wands
 o - a wand of iceblast (5)
Scrolls
 g - 2 scrolls of enchant armour {unknown}
 k - a scroll of enchant weapon {unknown}
 n - a scroll of teleportation {unknown}
 r - a scroll of blinking {unknown}
 s - a scroll of brand weapon {unknown}
 E - a scroll of holy word {unknown}
 G - 3 scrolls of identify {unknown}
Potions
 d - 2 potions of lignification {unknown}
 h - 3 potions of curing {unknown}
 j - 3 potions of mutation {unknown}
 l - a potion of might {unknown}
 m - a potion of invisibility {unknown}
 p - 3 potions of haste {unknown}
 z - a potion of ambrosia {unknown}
 A - 2 potions of heal wounds {unknown}
 F - a potion of cancellation {unknown}


   Skills:
 + Level 4.6 Fighting
 + Level 6.0 Maces & Flails
 + Level 2.9 Polearms
 + Level 4.8 Dodging
 + Level 2.0 Stealth


You had 7 spell levels left.
You didn't know any spells.
Your spell library was empty.

Dungeon Overview and Level Annotations

Branches:
Dungeon (6/15)
 Temple: D:4-7

Altars:

Shops:
D:1 =

Annotations:
D:6 Blork the orc


Innate Abilities, Weirdness & Mutations

You are too large for most types of armour.
You have claws for hands.
Your natural rate of healing is unusually fast.
You are covered in fur. (AC +1)
You have tough skin. (AC +1)


Message History

The ogre is moderately wounded.
The ogre hits you with a +0 giant club!!
You puncture the ogre!
The ogre is severely wounded.
The ogre hits you with a +0 giant club!!
You puncture the ogre!
You kill the ogre!
Blork the orc comes into view.
He is wielding a +0 battleaxe.
Blork the orc miscasts a cantrip.
You hear an angry hiss.
Things that are here:
a +0 giant club; an ogre corpse Blork the orc mumbles some strange words.
Blork the orc seems to speed up.
An adder comes into view.
There is an open door here.
A necrophage is nearby!
The necrophage hits you!
You feel drained.
You hit the necrophage.
The necrophage is lightly damaged.
The necrophage hits you but does no damage.
The necrophage closely misses you.
Blork the orc begins to cast a cantrip, but forgets the words!
Blork the orc hits you with a +0 battleaxe!
Blork the orc casts a cantrip, but nothing happens.
Blork the orc hits you with a +0 battleaxe.
The adder bites you but does no damage.
Blork the orc hits you with a +0 battleaxe!
* * * LOW HITPOINT WARNING * * *
Unknown command.
Blork the orc casts a spell at you. The puff of flame hits you!
* * * LOW HITPOINT WARNING * * *
The adder barely misses you.
Blork the orc hits you with a +0 battleaxe!
* * * LOW HITPOINT WARNING * * *
Blork the orc barely misses you. The adder barely misses you.
Blork the orc hits you with a +0 battleaxe!
You die...

...........#......##...#.....#
...#####'###......#....'.....#
...##.....##......#....#.....#
..........#.......#....#.....#
.........†'.......#....#.....#
#####.....##############.....#
....#...>.#..................#
....#.....#..................#
..[.#######..n.o@............#
...............S.............#
........................##+###
####.......########.....#
...#.......# #######
...#.......# ...#....<..#
...#...[...# ...#..<.>..#


You could see Blork the orc (fast), a necrophage and an adder.

Vanquished Creatures
  Eustachio (D:3)
  An ice beast (D:6)
  2 black bears
  2 ogres
  A phantom (D:5)
  A scorpion (D:4)
  A water moccasin skeleton (D:5)
  A centaur zombie (D:5)
  2 hounds (D:6)
  2 bullfrog skeletons
  A centaur skeleton (D:5)
  Jessica (D:2)
  3 iguanas
  2 orc wizards
  2 hound skeletons (D:4)
  3 hound zombies (D:5)
  4 adders
  7 gnolls
  A shadow imp (D:5)
  2 ufetubi (D:5)
  An adder skeleton (D:4)
  3 worms
  A dart slug (D:1)
  11 orcs
  10 endoplasms
  2 giant cockroaches
  4 goblins
  7 hobgoblins
  A quokka (D:4)
  3 ball pythons
  5 bats
  9 frilled lizards
  7 kobolds
  3 rats
  A spectral goblin (D:1)
108 creatures vanquished.

Vanquished Creatures (others)
  10 plants (D:5)
10 creatures vanquished.

Grand Total: 118 creatures vanquished

Notes
Turn   | Place    | Note
-------+----------+-------------------------------------------
     0 | D:1      | issech the Troll Monk began the quest for the Orb.
     0 | D:1      | Reached XP level 1. HP: 22/22 MP: 0/0
    74 | D:1      | Found Qirocaar's Jewellery Shop.
   100 | D:1      | Reached skill level 3 in Maces & Flails
   104 | D:1      | Reached XP level 2. HP: 11/29 MP: 1/1
   307 | D:1      | Found a faded altar of an unknown god.
   754 | D:2      | Noticed Jessica
   764 | D:2      | Killed Jessica
   765 | D:2      | Reached XP level 3. HP: 19/36 MP: 2/2
  1166 | D:2      | Reached XP level 4. HP: 44/44 MP: 3/3
  1698 | D:3      | Reached skill level 4 in Maces & Flails
  1792 | D:3      | Reached XP level 5. HP: 53/53 MP: 4/4
  2106 | D:4      | Noticed a black bear
  2122 | D:4      | Noticed Eustachio
  2194 | D:3      | Killed a black bear
  2195 | D:3      | Reached XP level 6. HP: 59/61 MP: 3/5
  2219 | D:3      | Killed Eustachio
  2271 | D:4      | Reached skill level 5 in Maces & Flails
  2474 | D:4      | Reached XP level 7. HP: 55/68 MP: 4/6
  2964 | D:5      | Entered Level 5 of the Dungeon
  3720 | D:5      | Reached skill level 6 in Maces & Flails
  3720 | D:5      | Reached skill level 1 in Polearms
  3940 | D:5      | Reached XP level 8. HP: 79/79 MP: 7/7
  4650 | D:6      | Noticed Blork the orc
  4670 | D:6      | HP: 3/77 [Blork the orc (12)]
  4674 | D:6      | Slain by Blork the orc

Illustrated notes

Levels and vault maps discovered:
D:1:      dpeg_arrival_lava_altar, layout_rooms,
          dreamdust_ecumenical_altar_drowned_temple, serial_shops,
          nicolae_shop_waterfront
D:2:      layout_loops_ring, patterned_corridor, uniq_jessica
D:3:      layout_rooms, kennysheep_generic_room_12
D:4:      layout_rooms, uniq_eustachio
D:5:      mumra_celtic_spiral_tile, layout_cave_pods, minmay_lizard_king
D:6:      layout_gridville, uniq_blork_the_orc, uniq_menkaure

Skill      XL: |  1  2  3  4  5  6  7  8 |
---------------+-------------------------+-----
Maces & Flails | 3 4 5 6 |  6.0
Dodging        | 3 4 |  4.8
Fighting       | 3 4 |  4.6
Polearms       | 1 2 |  2.9
Stealth        | 2 |  2.0

Action                   |  1- 3 |  4- 6 |  7- 9 || total
-------------------------+-------+-------+-------++-------
Melee: Mace              |    96 |   147 |       ||   243
       Punch             |     1 |     6 |     3 ||    10
       Trident           |       |       |   106 ||   106
       Giant spiked club |       |       |    57 ||    57
 Stab: Sleeping          |     1 |     2 |     2 ||     5
Armor: Robe              |    49 |    61 |    55 ||   165
Dodge: Dodged            |    81 |    90 |   119 ||   290

Table legend: (Time is in decaauts)
 A = Elapsed time spent in this place.
 B = Non-inter-level travel time spent in this place.
 C = Inter-level travel time spent in this place.
 D = Time resting spent in this place.
 E = Time spent auto-exploring this place.
 F = Levels seen in this place.
 G = Mean time per level.
                   A        B        C        D        E       F      G
               +--------+--------+--------+--------+--------+-----+--------+
         Total |   4791 |   4549 |    242 |     79 |   2275 |   6 |  798.5 |
       Dungeon |   4791 |   4549 |    242 |     79 |   2275 |   6 |  798.5 |
               +--------+--------+--------+--------+--------+-----+--------+

Top non-repeatable levels by time:
     D:5: 1512 daAuts
     D:2: 953 daAuts
     D:4: 832 daAuts
     D:1: 671 daAuts
     D:3: 597 daAuts
     D:6: 223 daAuts
